 Dungeon Crawl Stone Soup version 0.20-a0-1043-gbd57889 (webtiles) character file.

163 Alarkh the Skirmisher (level 5, 0/45 HPs)
             Began as a Demonspawn Fighter on Apr 24, 2017.
             Killed by divine providence
             ... invoked by an orc priest
              (12 damage)
             ... on level 2 of the Dungeon.
             The game lasted 00:02:56 (2331 turns).

Alarkh the Skirmisher (Demonspawn Fighter)          Turns: 2331, Time: 00:02:56

Health: 0/45       AC: 14    Str: 16    XL:     5   Next: 20%
Magic:  5/5        EV:  7    Int: 11    God:
Gold:   92         SH:  9    Dex: 12    Spells: 4/4 levels left

rFire    . . .     SeeInvis .   a - +0 long sword
rCold    . . .     Gourm    .   c - +0 shield
rNeg     . . .     Faith    .   b - +0 scale mail
rPois    +         Spirit   .   n - +0 helmet
rElec    .         Reflect  .   m - +1 cloak
rCorr    .         Harm     .   k - +0 pair of gloves
MR       .....                  j - +2 pair of boots
Stlth    ..........             (no amulet)
Regen    0.2/turn               r - ring of poison resistance (curse)
MPRegen  0.1/turn               (no ring)

@: no status effects
A: powered by death 1, robust 1, subdued magic 1
a: no special abilities


You were on level 2 of the Dungeon.
You were not hungry.

You visited 1 branch of the dungeon, and saw 3 of its levels.

You collected 92 gold pieces.

Inventory:

Hand Weapons
 a - a +0 long sword (weapon)
Armour
 b - a +0 scale mail (worn)
 c - a +0 shield (worn)
 j - a +2 pair of boots (worn)
 k - a +0 pair of gloves (worn)
 m - a +1 cloak (worn)
 n - a +0 helmet (worn)
Jewellery
 r - a cursed ring of poison resistance (left hand)
Scrolls
 d - a scroll of teleportation {unknown}
 e - a scroll of noise
 h - a scroll of identify {unknown}
 i - a scroll of magic mapping {unknown}
 l - a scroll of fog {unknown}
 o - 2 scrolls of remove curse {unknown}
 p - a scroll of random uselessness {unknown}
Comestibles
 f - a bread ration
 q - a royal jelly


   Skills:
 + Level 3.6 Fighting
 * Level 3.1 Long Blades
 + Level 3.1 Armour
 + Level 1.5 Dodging
 + Level 3.4 Shields


You had 4 spell levels left.
You didn't know any spells.

Dungeon Overview and Level Annotations

Branches:
Dungeon (3/15)

Altars:


Innate Abilities, Weirdness & Mutations

You regenerate a little health from kills.
You are robust. (+10% HP)
Your spells are a little easier to cast, but a little less powerful.


Message History

Deactivating autopickup; reactivate with Ctrl-A.
The orc hits you but does no damage.
You hit the orc priest.
The orc priest is almost dead.
The orc priest calls down the wrath of Beogh upon you.
Pain shoots through your body!
The orc priest looks encouraged for a moment.
You are too injured to fight recklessly!
You are too injured to fight recklessly!
You aren't carrying any potions.
The orc priest invokes the aid of Beogh against you.
Beogh smites you!
* * * LOW HITPOINT WARNING * * *
The orc priest calls upon Beogh to heal the orc priest.
The orc priest is healed somewhat.
The orc priest begins to cast a cantrip, but forgets the words!
The orc priest begins to cast a cantrip, but forgets the words!
The orc priest calls down the wrath of Beogh upon you.
Beogh smites you!
You die...

########...#.........#
##.###.....##.####
#...#.......#.....
#.##.............# .#
#.###.......####.# .#
#.# ##.....## #.# .#
#.# ##...## #.# .# #<#
##### #.# .# #@# #.#
.############# #.# #.#
.............# #.# #.#
....########.# #.# #.#
..#.# #.# #o# #.#
..#.# #.# #.# #.#
..#.# #.# #o# #.#
..#.########.###o#
#########.#
..)...#..........###
#......†..#


You could see 2 orc priests and an orc.

Vanquished Creatures
  A bullfrog (D:3)
  Terence (D:3)
  An ooze (D:3)
  A worm (D:2)
  2 dart slugs (D:1)
  2 leopard geckos (D:2)
  3 orcs
  2 ball pythons
  4 giant cockroaches
  8 goblins (D:1)
  4 hobgoblins
  10 kobolds
  10 bats
  4 frilled lizards
  8 rats
61 creatures vanquished.

Notes
Turn   | Place    | Note
-------+----------+-------------------------------------------
     0 | D:1      | Alarkh the Demonspawn Fighter began the quest for the Orb.
     0 | D:1      | Reached XP level 1. HP: 18/18 MP: 1/1
   261 | D:1      | Gained mutation: You regenerate a little health from kills. [demonic ancestry]
   261 | D:1      | Reached XP level 2. HP: 23/24 MP: 2/2
   569 | D:1      | Reached XP level 3. HP: 24/29 MP: 3/3
  1395 | D:2      | Reached skill level 1 in Dodging
  1480 | D:2      | Gained mutation: Your spells are a little easier to cast, but a little less powerful. [potion of mutation]
  1480 | D:2      | Gained mutation: Scrolls take you a little longer to read. [potion of mutation]
  1480 | D:2      | Lost mutation: Scrolls take you a little longer to read. [potion of mutation]
  1480 | D:2      | Gained mutation: You are robust. (+10% HP) [potion of mutation]
  1761 | D:3      | Noticed Terence
  1788 | D:3      | Killed Terence
  1788 | D:3      | Reached XP level 4. HP: 33/38 MP: 4/4
  1857 | D:3      | Noticed a bullfrog
  1872 | D:3      | HP: 1/38 [bullfrog (1)]
  1872 | D:3      | Killed a bullfrog
  1872 | D:3      | Reached XP level 5. HP: 1/45 MP: 5/5
  2331 | D:2      | Killed from afar by an orc priest

Vault maps used:
D:1:      dpeg_arrival_leaves_temple_mockup, serial_forest,
          infiniplex_forest_zigzag_1, infiniplex_forest_lined_1,
          infiniplex_forest_lined_1, infiniplex_forest_clump_large,
          infiniplex_forest_straight_2
D:2:      cheibrodos_pilgrimage, hangedman_decor_growths
D:3:      lemuel_doored_altar, led_xom_imps, uniq_terence

Skill      XL: |  1  2  3  4 |
---------------+-------------+-----
Long Blades    | 2 3 |  3.1
Shields        | 3 |  3.4
Dodging        | 1 |  1.5
Armour         | 3 |  3.1
Fighting       | |  3.6

Action                   |  1- 3 |  4- 6 || total
-------------------------+-------+-------++-------
Melee: Long sword        |   217 |    41 ||   258
  Use: Potion            |     1 |     1 ||     2
       Scroll            |     1 |       ||     1
  Eat: Chunk             |     3 |     2 ||     5
Armor: Scale mail        |    99 |    29 ||   128
Dodge: Dodged            |    76 |    13 ||    89
Block: Shield            |   132 |    18 ||   150
       Rpst.: Long sword |    19 |     3 ||    22
